 Dungeon Crawl Stone Soup version 0.25-a0-578-gc91f01c39c (webtiles) character file.

Game seed: 15458946783810582915, levelgen mode: deterministic

14 Amnesiac the Skirmisher (level 2, -1/32 HPs)
             Began as an Ogre Fighter on Mar 7, 2020.
             Slain by a hobgoblin
             ... wielding a +0 club
              (5 damage)
             ... on level 1 of the Dungeon.
             The game lasted 00:00:37 (178 turns).

Amnesiac the Skirmisher (Ogre Fighter)               Turns: 178, Time: 00:00:38

Health: -1/32      AC:  3    Str: 19    XL:     2   Next: 41%
Magic:  2/2        EV:  8    Int:  9    God:
Gold:   0          SH:  8    Dex:  8    Spells: 1/1 levels left

rFire    . . .     SeeInvis .   a - +0 long sword
rCold    . . .     Gourm    .   c - +0 kite shield
rNeg     . . .     Faith    .   b - +0 robe
rPois    .         Spirit   .   (helmet restricted)
rElec    .         Reflect  .   (no cloak)
rCorr    .         Harm     .   (gloves unavailable)
MR       .....                  (boots unavailable)
Stlth    +.........             e - amulet of the acrobat
HPRegen  0.10/turn              (no ring)
MPRegen  0.08/turn              (no ring)

@: no status effects
A: large, unfitting armour, tough skin 1
a: no special abilities


You were on level 1 of the Dungeon.
You were not hungry.

You visited 1 branch of the dungeon, and saw 1 of its levels.

Inventory:

Hand Weapons
 a - a +0 long sword (weapon)
Armour
 b - a +0 robe (worn)
 c - a +0 kite shield (worn)
Jewellery
 e - an amulet of the acrobat (around neck)
Scrolls
 h - a scroll of identify {!r, unknown}
Potions
 d - a potion of might {!q}
Comestibles
 f - a ration
 g - 3 chunks of flesh


   Skills:
 - Level 4.0 Fighting
 - Level 2.0 Long Blades
 * Level 1.7 Throwing
 - Level 2.6 Dodging
 - Level 2.6 Shields


You had one spell level left.
You didn't know any spells.
Your spell library was empty.

Dungeon Overview and Level Annotations

Branches:
Dungeon (1/15)

Altars:


Innate Abilities, Weirdness & Mutations

You are too large for most types of armour.
You have tough skin. (AC +1)


Message History

You start resting.
A frilled lizard comes into view.
A bat and a goblin come into view.
You slash the frilled lizard!
You kill the frilled lizard!
The bat hits you but does no damage. The bat closely misses you.
The bat completely misses you. The bat closely misses you.
You riposte.
You closely miss the bat. You closely miss the bat. The bat closely misses you.
You block the bat's attack.
You hit the bat.
You kill the bat!
You hit the goblin but do no damage. You block the goblin's attack.
You see here a bat corpse.
You hit the goblin.
You kill the goblin!
Things that are here:
a +0 dagger; a goblin corpse No target in view!
You see here a frilled lizard corpse.
You start resting.
A kobold comes into view. It is wielding a +0 mace.
The kobold shouts!
The kobold throws a stone.
The stone completely misses you.
You see here a stone.
A hobgoblin comes into view. It is wielding a +0 club.
The hobgoblin shouts!
Your shield prevents you from hitting the hobgoblin.
The hobgoblin hits you but does no damage.
There are no items here.
You closely miss the hobgoblin. The hobgoblin hits you with a +0 club.
The hobgoblin hits you but does no damage.
You hit the hobgoblin.
The hobgoblin is almost dead.
You block the hobgoblin's attack.
The kobold throws a stone.
The stone closely misses you.
The stone misses the hobgoblin.
You closely miss the hobgoblin.
The hobgoblin is almost dead.
The hobgoblin barely misses you.
The kobold throws a stone.
The stone hits you.
* * * LOW HITPOINT WARNING * * *
You hit the hobgoblin but do no damage.
The hobgoblin is almost dead.
The hobgoblin closely misses you.
The kobold throws a stone.
You block the stone.
You barely miss the hobgoblin.
The hobgoblin is almost dead.
The hobgoblin hits you with a +0 club.
* * * LOW HITPOINT WARNING * * *
The kobold hits you with a +0 mace.
* * * LOW HITPOINT WARNING * * *
You block the hobgoblin's attack.
You closely miss the hobgoblin.
The hobgoblin is almost dead.
The hobgoblin hits you with a +0 club.
* * * LOW HITPOINT WARNING * * *
You block the kobold's attack.
You hit the hobgoblin but do no damage.
The hobgoblin is almost dead.
The hobgoblin closely misses you. You block the kobold's attack.
You hit the hobgoblin but do no damage.
The hobgoblin is almost dead.
The hobgoblin hits you with a +0 club.
You die...

# .### #... #..# ...
####g# #.K@.#
.###########(#####
.......†)..†.....###
##########.#####..K##
######.).##.......###
#.............÷.÷...#
#.#?###.###'###÷###.#
# .... #.+.....+ ..
###.#####'#.#+# .


You could see a hobgoblin and a kobold.

Vanquished Creatures
  An ooze (D:1)
  2 bats (D:1)
  2 goblins (D:1)
  A hobgoblin (D:1)
  2 frilled lizards (D:1)
  2 rats (D:1)
10 creatures vanquished.

Notes
Turn   | Place    | Note
-------+----------+-------------------------------------------
     0 | D:1      | Amnesiac the Ogre Fighter began the quest for the Orb.
     0 | D:1      | Reached XP level 1. HP: 24/24 MP: 1/1
    32 | D:1      | Reached skill level 1 in Throwing
    32 | D:1      | Reached XP level 2. HP: 30/32 MP: 2/2
   178 | D:1      | Slain by a hobgoblin

Levels and vault maps discovered:
D:1:      shiori_arrival_maze, layout_rooms, minmay_tetromino_s2

Skill      XL: |  1 |
---------------+----+-----
Long Blades    | 2 |  2.0
Throwing       | 1 |  1.7
Fighting       | |  4.0
Dodging        | |  2.6
Shields        | |  2.6

Action                   || total
-------------------------++-------
Melee: Long sword        ||    45
Armor: Robe              ||    14
Dodge: Dodged            ||    24
Block: Kite shield       ||    24
       Rpst.: Long sword ||     5

Table legend:
 A = Non-vault XP
 B = Vault XP
 C = Vault XP percentage of total XP
 D = Non-vault monster count
 E = Vault monster count
 F = Vault count percentage of total count
                 A         B        C        D         E       F
            +---------+---------+-------+---------+---------+-------
      Total |      13 |       7 |  35.0 |       9 |       1 |  10.0
            +---------+---------+-------+---------+---------+-------
        D:1 |      13 |       7 |  35.0 |       9 |       1 |  10.0
            +---------+---------+-------+---------+---------+-------
